 Dungeon Crawl Stone Soup version 0.25-a0-591-g2ad0d86 (webtiles) character file.

Game seed: 8658711059772699769, levelgen mode: deterministic

487 MrTaco21 the Cudgeler (level 7, -7/41 HPs)
             Began as a Gargoyle Fighter on Mar 13, 2020.
             Killed from afar by an orc wizard (9 damage)
             ... with a magic dart
             ... on level 4 of the Dungeon.
             The game lasted 00:06:12 (3317 turns).

MrTaco21 the Cudgeler (Gargoyle Fighter)            Turns: 3317, Time: 00:06:12

Health: -7/41      AC: 16    Str: 21    XL:     7   Next: 13%
Magic:  7/7        EV:  5    Int:  9    God:
Gold:   144        SH:  9    Dex:  9    Spells: 6/6 levels left

rFire    + . .     SeeInvis .   z - +0 morningstar
rCold    . . .     Gourm    .   w - +0 kite shield
rNeg     + . .     Faith    .   y - +3 chain mail {rPois}
rPois    ∞         Spirit   .   (no helmet)
rElec    +         Reflect  .   (no cloak)
rCorr    .         Harm     .   (no gloves)
MR       .....                  (no boots)
Stlth    ..........             (no amulet)
HPRegen  0.13/turn              u - ring of wizardry
MPRegen  0.10/turn              i - ring of protection from fire

@: no status effects
A: negative energy resistance 1, electricity resistance, unbreathing,
petrification resistance, rot immunity, AC +4
a: no special abilities


You were on level 4 of the Dungeon.
You were not hungry.

You visited 1 branch of the dungeon, and saw 4 of its levels.

You collected 144 gold pieces.

Inventory:

Hand Weapons
 o - a +2 dagger of venom
   (You took it off a kobold on level 1 of the Dungeon)
 z - a +0 morningstar (weapon)
   (You took it off an orc on level 3 of the Dungeon)
Armour
 b - a +0 plate armour
   (You found it on level 3 of the Dungeon)
 w - a +0 kite shield (worn)
 y - a +3 chain mail of poison resistance (worn)
   (You took it off Ijyb on level 3 of the Dungeon)
Jewellery
 i - a ring of protection from fire (right hand)
   (You found it on level 3 of the Dungeon)
 u - a ring of wizardry (left hand)
   (You found it on level 2 of the Dungeon)
Wands
 c - a wand of disintegration (6)
   (You found it on level 3 of the Dungeon)
 d - a wand of iceblast (11)
   (You took it off Ijyb on level 3 of the Dungeon)
Scrolls
 f - 7 scrolls of identify {@r1}
 k - 2 scrolls of magic mapping {unknown}
 l - 2 scrolls of fear
 n - 2 scrolls of fog {unknown}
 p - a scroll of blinking {unknown}
 t - a scroll of remove curse {unknown}
 v - a scroll of amnesia {unknown}
 A - a scroll of enchant weapon {unknown}
Potions
 g - 3 potions of curing {unknown}
 h - a potion of ambrosia {unknown}
 j - a potion of degeneration {unknown}
 m - a potion of heal wounds {unknown}
 q - a potion of magic {unknown}
 r - 3 potions of stabbing {unknown}
 s - a potion of haste {unknown}
 x - 3 potions of might
Comestibles
 a - 2 chunks of flesh
 e - 7 rations {!d}


   Skills:
 - Level 3.2 Fighting
 + Level 7.5 Maces & Flails
 - Level 3.2 Armour
 - Level 3.2 Shields


You had 6 spell levels left.
You didn't know any spells.
Your spell library contained the following spells:

 Spells                   Type           Power        Failure   Level  Hunger
 Summon Small Mammal      Summ           #...         99%         1    ##.....
 Call Imp                 Summ           #.......     100%        2    ###....
 Call Canine Familiar     Summ           #.......     100%        3    ####...
 Summon Guardian Golem    Hex/Summ       #.......     100%        3    ####...
 Summon Ice Beast         Ice/Summ       #.......     100%        4    #####..
 Summon Lightning Spire   Summ/Air       #.......     100%        4    #####..


Dungeon Overview and Level Annotations

Branches:
Dungeon (4/15)
 Temple: D:4-7

Altars:
Fedhas
Kikubaaqudgha
Okawaru
Vehumet
Zin
Beogh

Annotations:
D:4 3 runed translucent doors, crub's ghost, novice HOFi


Innate Abilities, Weirdness & Mutations

You are resistant to torment.
Your stone body is resilient. (AC +4)
You are immune to poison.
You resist negative energy. (rN+)
You are resistant to electric shocks. (rElec)
You can survive without breathing.
You are immune to petrification.
You are immune to rotting.


Message History

Your shield and chain mail prevent you from hitting the orc.
You block the orc's attack.
You puncture the orc!
You kill the orc!
You block the orc priest's attack.
You sock the orc priest! You sock the orc wizard!
A worm comes into view.
You block the orc wizard's attack.
You closely miss the orc wizard.
The orc priest calls upon Beogh to heal the orc wizard.
The orc wizard is healed somewhat.
You block the orc wizard's attack.
You closely miss the orc wizard. You block the orc wizard's attack.
The orc priest calls upon Beogh to heal the orc wizard.
The orc wizard's wounds heal themselves!
You hit the orc wizard.
The orc wizard hits you but does no damage.
You barely miss the orc wizard. You block the orc wizard's attack.
Your shield and chain mail prevent you from hitting the orc wizard.
The orc wizard gestures wildly while chanting.
The orc wizard seems to speed up.
The orc priest invokes the aid of Beogh against you.
Beogh smites you!
You closely miss the orc wizard. You block the orc wizard's attack.
The orc wizard hits you but does no damage.
The orc priest calls upon Beogh to heal the orc wizard.
The orc wizard's wounds heal themselves!
You hit the orc wizard.
The orc wizard hits you but does no damage.
The orc priest mumbles some strange prayers to Beogh against you.
Beogh smites you!
* * * LOW HITPOINT WARNING * * *
The orc wizard hits you but does no damage.
You are too injured to fight recklessly!
The orc priest looks satisfied for a moment.
The orc wizard gestures at you while chanting.
The puff of frost hits you but does no damage.
The orc priest mumbles some strange prayers to Beogh against you.
Beogh smites you!
* * * LOW HITPOINT WARNING * * *
The orc wizard casts a spell at you.
The puff of frost hits you but does no damage.
The orc wizard barely misses you.
There is an open door here.
You block the orc wizard's attack.
There is an open door here.
The orc wizard begins to cast a cantrip, but forgets the words!
The orc wizard casts a spell at you. The magic dart hits you!
You die...

...'........# #...#
.###........# #...#####
.# #........#
#...#...######## .#
#........#
#...'..ohoo..... .#
#........#
#.o.#...##.w.... .#
####.##### ##o##...#
..... .#
#.########.##...# ....
8######........#.##...#
...
.....##........#@##...#
..
####.##........#.##...#
. .#
#.##........'.##...# .#
#.##........######## .#
#.##........# .#
#.###...>...# .#
#...'.......# .#
#####.......# .#
#.......#


You could see an orc wizard and an orc.

Vanquished Creatures
  2 ogres (D:4)
  A scorpion (D:3)
  Ijyb (D:3)
  A bullfrog skeleton (D:4)
  Natasha (thrice) (D:3)
  A worker ant (D:3)
  A hound skeleton (D:4)
  An adder (D:2)
  2 worms
  2 dart slugs
  2 leopard geckos (D:1)
  9 orcs
  3 giant cockroaches
  6 goblins
  5 hobgoblins
  11 kobolds
  2 quokkas
  3 ball pythons
  8 bats
  6 frilled lizards
  8 rats
  A fungus (D:1)
79 creatures vanquished.

Notes
Turn   | Place    | Note
-------+----------+-------------------------------------------
     0 | D:1      | MrTaco21 the Gargoyle Fighter began the quest for the Orb.
     0 | D:1      | Reached XP level 1. HP: 14/14 MP: 1/1
   203 | D:1      | Reached XP level 2. HP: 19/19 MP: 2/2
   332 | D:1      | Reached skill level 3 in Maces & Flails
   878 | D:2      | Reached XP level 3. HP: 23/23 MP: 3/3
  1089 | D:2      | Reached skill level 4 in Maces & Flails
  1306 | D:3      | Reached XP level 4. HP: 27/28 MP: 4/4
  1550 | D:3      | Reached skill level 5 in Maces & Flails
  1550 | D:3      | Reached XP level 5. HP: 22/32 MP: 5/5
  1897 | D:3      | Found an iron altar of Okawaru.
  1931 | D:3      | Noticed Natasha
  1945 | D:3      | Killed Natasha
  2005 | D:3      | Noticed Natasha
  2015 | D:3      | Killed Natasha
  2034 | D:3      | Found an ancient bone altar of Kikubaaqudgha.
  2037 | D:3      | Found a blossoming altar of Fedhas.
  2092 | D:3      | Found a glowing silver altar of Zin.
  2094 | D:3      | Found a radiant altar of Vehumet.
  2113 | D:3      | Noticed Natasha
  2127 | D:3      | Killed Natasha
  2127 | D:3      | Reached skill level 6 in Maces & Flails
  2127 | D:3      | Reached XP level 6. HP: 18/37 MP: 6/6
  2318 | D:3      | Noticed Ijyb
  2355 | D:3      | Killed Ijyb
  2676 | D:4      | Found a runed translucent gate.
  2782 | D:4      | Reached skill level 7 in Maces & Flails
  2782 | D:4      | Reached XP level 7. HP: 6/41 MP: 7/7
  3253 | D:4      | Found a runed translucent gate.
  3253 | D:4      | Noticed crub's ghost (novice HOFi)
  3254 | D:4      | Found a roughly hewn altar of Beogh.
  3254 | D:4      | Found a runed translucent gate.
  3310 | D:4      | HP: 1/41 [orc priest/divine providence (11)]
  3317 | D:4      | Killed from afar by an orc wizard

Levels and vault maps discovered:
D:1:      dpeg_cavernosity, layout_rooms
D:2:      layout_rooms, serial_glass, glass_columns_a, glass_columns_a,
          glass_columns_c, glass_columns_b, glass_columns_a, glass_columns_a,
          glass_columns_a, glass_columns_a, glass_columns_b, glass_columns_b,
          minmay_hexomino_c4
D:3:      layout_loops_ring, grunt_temple_overflow_growth_and_decay,
          okawaru_gym_becter, minitemple, minmay_unequal, uniq_natasha,
          uniq_ijyb
D:4:      layout_basic, lightli_temple_of_fire, first_ration,
          biasface_ghost_orc_armoury

Skill      XL: |  1  2  3  4  5  6 |
---------------+-------------------+-----
Maces & Flails | 3 4 5 6 7 |  7.5
Fighting       | |  3.2
Armour         | |  3.2
Shields        | |  3.2

Action                   |  1- 3 |  4- 6 |  7- 9 || total
-------------------------+-------+-------+-------++-------
Melee: Flail             |   173 |   146 |       ||   319
       Morningstar       |       |    13 |    29 ||    42
  Use: Scroll            |     1 |       |       ||     1
  Eat: Chunk             |     2 |     5 |     1 ||     8
Armor: Scale mail        |   110 |    75 |       ||   185
       Chain mail        |       |       |    16 ||    16
Dodge: Dodged            |    70 |    31 |     2 ||   103
Block: Kite shield       |   101 |    67 |    11 ||   179

Table legend:
 A = Non-vault XP
 B = Vault XP
 C = Vault XP percentage of total XP
 D = Non-vault monster count
 E = Vault monster count
 F = Vault count percentage of total count
                 A         B        C        D         E       F
            +---------+---------+-------+---------+---------+-------
      Total |     604 |      92 |  13.2 |      64 |      14 |  17.9
            +---------+---------+-------+---------+---------+-------
        D:1 |      27 |       5 |  15.6 |      18 |       4 |  18.2
        D:2 |      37 |       5 |  11.9 |      13 |       5 |  27.8
        D:3 |     221 |      82 |  27.1 |      25 |       5 |  16.7
        D:4 |     319 |       0 |   0.0 |       8 |       0 |   0.0
            +---------+---------+-------+---------+---------+-------
